 Dungeon Crawl Stone Soup version 0.29.1-2-gbd0b4ee654 (webtiles) character file.

Game seed: 14846136517113258458

161 zeram the Chiller (level 5, -4/37 HPs)
             Began as a Gnoll Ice Elementalist on Nov 18, 2022.
             Slain by an orc priest
             ... wielding a +0 trident
              (5 damage)
             ... on level 4 of the Dungeon.
             The game lasted 00:07:17 (3601 turns).

zeram the Chiller (Gnoll Ice Elementalist)          Turns: 3601, Time: 00:07:17

Health: -4/37      AC:  8    Str:  5    XL:     5   Next: 42%
Magic:  12/12      EV:  7    Int: 16    God:
Gold:   111        SH:  0    Dex: 12    Spells: 8/14 levels left

rFire   + . .      SeeInvis .   m - +4 whip (elec)
rCold   . . .      Faith    .   (no shield)
rNeg    . . .      Spirit   .   n - +1 scale mail of Sugoubepp {Fly rF+ Will+ Str-3}
rPois   .          Reflect  .   j - +0 helmet
rElec   .          Harm     .   (no cloak)
rCorr   .          Rampage  .   (no gloves)
Will    +....                   (no boots)
Stlth   +.........              (no amulet)
HPRegen 0.12/turn               (no ring)
MPRegen 0.13/turn               (no ring)

@: flying
A: fangs 1, strong nose, distributed training
a: no special abilities


You were on level 4 of the Dungeon.
You visited 1 branch of the dungeon, and saw 4 of its levels.

You collected 111 gold pieces.

Inventory:

Hand Weapons
 i - a +0 mace
 m - a +4 whip of electrocution (weapon)
Armour
 a - a +0 robe
 j - a +0 helmet (worn)
 n - the +1 scale mail of Sugoubepp (worn) {Fly rF+ Will+ Str-3}
   (You found it on level 3 of the Dungeon)

   Str:       It affects your strength (-3).
   rF:        It protects you from fire.
   Fly:       It grants you flight.
   Will:      It increases your willpower.
Scrolls
 h - 2 scrolls of identify
 p - a scroll of amnesia
Potions
 b - a potion of magic
 c - 2 potions of degeneration {unknown}
 d - a potion of lignification {unknown}
 e - 2 potions of resistance
 f - a potion of might
 g - 2 potions of haste {unknown}
 k - a potion of ambrosia {unknown}
 l - a potion of flight {unknown}
 o - 2 potions of brilliance {unknown}
 q - a potion of curing {unknown}


   Skills:
 + Level 1.5 Fighting
 + Level 1.5 Short Blades
 + Level 1.5 Long Blades
 + Level 1.5 Axes
 + Level 1.5 Maces & Flails
 + Level 1.5 Polearms
 + Level 1.5 Staves
 + Level 1.5 Ranged Weapons
 + Level 1.5 Throwing
 + Level 1.5 Armour
 + Level 4.8 Dodging
 + Level 4.4 Stealth
 + Level 1.5 Shields
 + Level 1.5 Unarmed Combat
 + Level 5.2 Spellcasting
 + Level 1.2 Conjurations
 + Level 1.2 Hexes
 + Level 1.2 Summonings
 + Level 1.2 Necromancy
 + Level 1.2 Translocations
 + Level 1.2 Transmutations
 + Level 1.2 Fire Magic
 + Level 7.2 Ice Magic
 + Level 1.2 Air Magic
 + Level 1.2 Earth Magic
 + Level 1.2 Poison Magic
 + Level 1.7 Invocations
 + Level 1.5 Evocations


You had 8 spell levels left.
You knew the following spells:

 Your Spells              Type           Power      Damage    Failure   Level
a - Freeze                Ice            100%       1d11      17%         1
b - Call Imp              Summ           8%         N/A       97%         2
c - Frozen Ramparts       Ice            54%        1d9       45%         3

Your spell library contained the following spells:

 Spells                   Type           Power      Damage    Failure   Level
 Ozocubu's Armour         Ice            27%        N/A       45%         3
 Magic Dart               Conj           32%        1d4       90%         1
 Ignite Poison            Fire/Tmut/Pois 8%         N/A       99%         3
 Mephitic Cloud           Conj/Pois/Air  8%         N/A       99%         3
 Hailstorm                Conj/Ice       17%        3d6       99%         4
 Freezing Cloud           Conj/Ice/Air   7%         6-21      100%        5


Dungeon Overview and Level Annotations

Branches:
Dungeon (4/15)
 Temple: D:4-7

Altars:


Innate Abilities, Weirdness & Mutations

You have very sharp teeth.
Your uncanny sense of smell can sniff out nearby items.
Your experience applies equally to all skills.


Message History

The gnoll bouda gazes fiercely through you!
You feel your attacks grow feeble. The orc closely misses you.
The orc priest hits you but does no damage.
Unknown command.
You hit the orc priest but do no damage.
The orc priest is lightly wounded.
The orc priest hits you but does no damage.
The orc barely misses you.
Unknown command.
You closely miss the orc priest.
You bite the orc priest, but do no damage.
The orc priest is lightly wounded.
The orc hits you with a +0 short sword.
* * * LOW HITPOINT WARNING * * *
The gnoll bouda barks out a call to the hunt!
The orc priest calls down the wrath of Beogh upon you.
You resist with some effort.
You hit the orc priest.
You bite the orc priest, but do no damage.
The orc priest is moderately wounded.
The orc hits you but does no damage.
The orc priest invokes the aid of Beogh against you.
You resist with some effort.
A gnoll comes into view. It is wielding a +0 whip.
You hit the orc priest but do no damage.
The orc priest is moderately wounded.
The orc hits you but does no damage.
The orc priest calls down the wrath of Beogh upon you.
Pain shoots through your body!
* * * LOW HITPOINT WARNING * * *
Unknown command.
You closely miss the orc priest.
The orc priest is moderately wounded.
Your attacks no longer feel as feeble.
The orc barely misses you. The orc priest barely misses you.
A gnoll comes into view. It is wielding a +0 flail.
The orc hits you but does no damage.
The orc priest hits you with a +0 trident.
You die...

..... ......# .....
#......### ....
.....###..#......###....
.........##... ..#......
..#.....##... #....g...
..###..###..# #.......#
#........##†####......#
.......#.#....##oog..##g
......##......?.@.......
...............#..#.....
............#.##........
..###.).....#........# .
.†##...............#..#
#†##.##............##...
†.##...............# ...
.÷##.?...........!## ..
..##....##....#.


You could see a gnoll bouda, an orc priest, 2 gnolls and an orc.

Vanquished Creatures
  An iguana (D:4)
  4 gnolls
  3 adders
  An ufetubus (D:4)
  A worm (D:2)
  3 dart slugs
  An orc (D:4)
  5 endoplasms
  5 giant cockroaches
  2 goblins
  6 hobgoblins
  5 jackals
  3 quokkas
  3 ball pythons
  2 bats (D:1)
  3 kobolds
  2 rats (D:1)
50 creatures vanquished.

Vanquished Creatures (collateral kills)
  A giant cockroach (D:3)
1 creature vanquished.

Grand Total: 51 creatures vanquished

Notes
Turn   | Place    | Note
-------+----------+-------------------------------------------
     0 | D:1      | zeram the Gnoll Ice Elementalist began the quest for the
                  | Orb.
     0 | D:1      | Reached XP level 1. HP: 13/13 MP: 6/6
   325 | D:1      | Reached XP level 2. HP: 19/19 MP: 4/7
   875 | D:2      | Reached skill level 5 in Spellcasting
   875 | D:2      | Reached XP level 3. HP: 19/25 MP: 7/9
   878 | D:2      | Learned a level 2 spell: Call Imp
  1413 | D:2      | Learned a level 3 spell: Frozen Ramparts
  1513 | D:2      | Reached skill level 1 in Invocations
  1670 | D:3      | Reached skill level 1 in Fighting
  1670 | D:3      | Reached skill level 1 in Short Blades
  1670 | D:3      | Reached skill level 1 in Long Blades
  1670 | D:3      | Reached skill level 1 in Axes
  1670 | D:3      | Reached skill level 1 in Maces & Flails
  1670 | D:3      | Reached skill level 1 in Polearms
  1670 | D:3      | Reached skill level 1 in Staves
  1670 | D:3      | Reached skill level 1 in Ranged Weapons
  1670 | D:3      | Reached skill level 1 in Throwing
  1670 | D:3      | Reached skill level 1 in Armour
  1670 | D:3      | Reached skill level 1 in Shields
  1670 | D:3      | Reached skill level 1 in Unarmed Combat
  1670 | D:3      | Reached skill level 1 in Evocations
  1927 | D:3      | Reached XP level 4. HP: 7/32 MP: 11/11
  2336 | D:2      | Reached skill level 1 in Conjurations
  2336 | D:2      | Reached skill level 1 in Hexes
  2336 | D:2      | Reached skill level 1 in Summonings
  2336 | D:2      | Reached skill level 1 in Necromancy
  2336 | D:2      | Reached skill level 1 in Translocations
  2336 | D:2      | Reached skill level 1 in Transmutations
  2336 | D:2      | Reached skill level 1 in Fire Magic
  2336 | D:2      | Reached skill level 1 in Air Magic
  2336 | D:2      | Reached skill level 1 in Earth Magic
  2336 | D:2      | Reached skill level 1 in Poison Magic
  2676 | D:2      | Noticed a gnoll sergeant
  2676 | D:2      | Found the +3 woodcutter's axe {vorpal}
  3242 | D:3      | Identified the +1 scale mail of Sugoubepp {Fly rF+ Will+
                  | Str-3}
  3332 | D:3      | You are sucked into a shaft and drop 1 floor!
  3364 | D:4      | Reached XP level 5. HP: 30/37 MP: 12/12
  3600 | D:4      | HP: 1/37 [orc priest/nerve-wracking pain (4)]
  3601 | D:4      | Slain by an orc priest

Illustrated notes

Levels and vault maps discovered:
D:1:      mrwooster_arrival_statue_3, layout_rooms
D:2:      layout_basic, minivault_19, pf_guarded_unrand_woodcutter
D:3:      layout_basic, nicolae_ashenzari_skybound,
          ebering_ecumenical_altar_webs, minmay_checkerbox
D:4:      layout_cave_pools

Skill      XL: |  1  2  3  4 |
---------------+-------------+-----
Spellcasting   | 5 |  5.2
Invocations    | 1 |  1.7
Fighting       | 1 |  1.5
Short Blades   | 1 |  1.5
Long Blades    | 1 |  1.5
Axes           | 1 |  1.5
Maces & Flails | 1 |  1.5
Polearms       | 1 |  1.5
Staves         | 1 |  1.5
Ranged Weapons | 1 |  1.5
Throwing       | 1 |  1.5
Armour         | 1 |  1.5
Shields        | 1 |  1.5
Unarmed Combat | 1 |  1.5
Evocations     | 1 |  1.5
Conjurations   | 1 |  1.2
Hexes          | 1 |  1.2
Summonings     | 1 |  1.2
Necromancy     | 1 |  1.2
Translocations | 1 |  1.2
Transmutations | 1 |  1.2
Fire Magic     | 1 |  1.2
Air Magic      | 1 |  1.2
Earth Magic    | 1 |  1.2
Poison Magic   | 1 |  1.2
Dodging        | |  4.8
Stealth        | |  4.4
Ice Magic      | |  7.2

Action                   |  1- 3 |  4- 6 || total
-------------------------+-------+-------++-------
Melee: Unarmed           |    12 |       ||    12
       Mace              |    13 |       ||    13
       Bite              |     8 |     7 ||    15
       Whip              |    23 |    64 ||    87
       Punch             |       |     1 ||     1
 Cast: Freeze            |    27 |       ||    27
       Call Imp          |     1 |    13 ||    14
  Use: Scroll            |     4 |     2 ||     6
 Stab: Sleeping          |     6 |     2 ||     8
Armor: Robe              |    11 |     2 ||    13
       Scale mail        |       |    24 ||    24
Dodge: Dodged            |    36 |    32 ||    68
